Map: Odyssey LE

Players

Pokebunny - Winner!

  • Race: Terran Terran
  • Spawn Location: 11:00

UpATree

  • Race: Terran Terran
  • Spawn Location: 5:00

Event: WCS Montreal 2017

VOD

Have the link to the VOD?

Description

Time

  • Played on: Sept. 8, 2017, 12:40 p.m.
  • Length: 9:40

All games in this series

Show
View Real Time Build Order
Export as new Build Order

Pokebunny Terran - Winner!

Build Orders: Cyclone Opening, Gas First Reaper Expand, Reaper Expand, Bio Tank 

Get SALT Encoding   

  12  0:00  SCV  
  13  0:13  SCV  
  14  0:17  Supply Depot  
  14  0:25  SCV  
  15  0:29  Refinery  
  15  0:39  SCV  
  16  0:44  Barracks  
  16  0:51  SCV  
  17  1:03  SCV  
  18  1:15  SCV  
  19  1:31  Orbital Command, Reaper  
  20  1:41  Command Center  
  20  1:53  Factory  
  20  1:56  SCV  
  20  2:01  Refinery  
  21  2:06  Barracks Reactor  
  21  2:08  SCV  
  21  2:13  Supply Depot  
  22  2:21  SCV  
  23  2:35  SCV  
  24  2:37  Starport  
  24  2:43  Marine  
  27  2:46  Marine  
  27  2:47  SCV  
  27  2:52  Cyclone  
  27  2:55  Orbital Command  
  30  3:00  SCV  
  30  3:04  Marine x2  
  33  3:12  SCV  
  34  3:15  Viking  
  36  3:21  SCV  
  36  3:23  Marine  
  36  3:24  Marine, SCV  
  36  3:26  Factory Tech Lab  
  40  3:41  Marine, SCV x2  
  43  3:42  Marine  
  43  3:43  Refinery  
  43  3:44  Supply Depot  
  44  3:53  Factory Tech Lab  
  44  3:54  Raven  
  46  4:00  SCV  
  46  4:04  Supply Depot  
  46  4:05  Marine x2, SCV  
  49  4:12  SCV  
  50  4:17  Siege Tank, SCV  
  50  4:20  Supply Depot  
  54  4:25  Marine x2, SCV  
  54  4:29  SCV  
  58  4:37  SCV  
  59  4:42  SCV  
  59  4:44  Command Center  
  59  4:45  Starport Reactor  
  60  4:49  Siege Tank  
  60  4:50  SCV  
  64  4:54  Supply Depot, SCV  
  64  4:55  Stimpack  
  64  4:57  Marine  
  64  4:58  Refinery  
  66  5:03  Supply Depot  
  66  5:04  SCV  
  66  5:06  SCV  
  68  5:16  Barracks  
  68  5:17  Barracks  
  68  5:18  Marine  
  69  5:24  SCV x2  
  71  5:31  Siege Tank  
  73  5:36  Viking  
  73  5:37  Viking  
  73  5:39  SCV  
  73  5:41  SCV  
  79  5:44  Marine  
  80  5:50  Engineering Bay  
  80  5:51  Engineering Bay  
  80  5:53  SCV  
  81  5:57  Orbital Command  
  81  5:59  SCV  
  78  6:11  Barracks Reactor  
  78  6:12  Marine x3  
  81  6:28  Orbital Command  
  81  6:31  Marine x3  
  79  6:35  Siege Tank, Medivac x2  
  79  6:37  SCV x2, Terran Infantry Armor Level 1, Terran Infantry Weapons Level 1  
  88  6:44  Barracks x2, Supply Depot  
  88  6:45  Supply Depot  
  82  6:52  Marine x4  
  82  6:53  Marine  
  87  7:00  Combat Shields  
  87  7:02  SCV x3  
  87  7:07  Siege Tank, Medivac  
  87  7:08  Medivac  
  97  7:18  Marine x4  
  97  7:19  Marine  
  102  7:35  Supply Depot  
  102  7:36  Supply Depot  
  102  7:37  Marine x3, Barracks Reactor x2  
  102  7:38  Armory, Marine x2  
  107  7:46  SCV x3  
  110  7:57  Marine x3  
  110  7:58  Marine  
  114  7:59  Siege Tank, SCV  
  114  8:00  SCV x2  
  114  8:02  Supply Depot  
  114  8:03  Supply Depot, Marine  
  114  8:04  Refinery  
  121  8:13  Medivac x2  
  121  8:15  SCV x3  
  128  8:20  Supply Depot  
  128  8:28  Marine x9  
  128  8:32  Siege Tank  
  140  8:35  Supply Depot  
  140  8:36  Supply Depot  
  140  8:37  SCV x3  
  141  8:46  Marine  
  139  8:49  SCV  
  139  8:51  Marine x7  
  139  8:52  Marine  
  139  8:54  Medivac x2  
  152  8:56  Supply Depot  
  152  9:03  Marine  
  152  9:04  Siege Tank  
  152  9:09  Marine  
  157  9:10  Supply Depot  
  157  9:11  Supply Depot  
  157  9:13  Refinery  
  157  9:15  Marine x5  
  157  9:16  Marine  
  166  9:31  Command Center  
  166  9:34  Barracks x2, Factory  
Show
View Real Time Build Order
Export as new Build Order

UpATree Terran 

Build Orders: 1/1/1, Cyclone Opening 

Get SALT Encoding   

  12  0:01  SCV  
  13  0:13  SCV  
  14  0:18  Supply Depot  
  14  0:25  SCV  
  14  0:28  Refinery  
  15  0:39  SCV  
  16  0:45  Barracks  
  16  0:51  SCV  
  16  0:55  Refinery  
  17  1:03  SCV  
  18  1:15  SCV  
  20  1:33  Reaper  
  20  1:35  Orbital Command  
  20  1:36  Factory  
  20  1:44  Supply Depot  
  20  2:01  SCV  
  21  2:05  Reaper  
  22  2:17  SCV  
  22  2:19  Cyclone  
  22  2:21  Starport  
  26  2:30  Supply Depot  
  26  2:33  SCV  
  27  2:45  Barracks Tech Lab  
  27  2:48  SCV  
  28  3:11  Cyclone  
  31  3:15  SCV  
  31  3:16  Command Center  
  31  3:19  Barracks Reactor  
  32  3:27  SCV  
  32  3:31  Raven  
  35  3:40  SCV  
  36  3:41  Supply Depot  
  35  3:49  Cyclone  
  35  3:52  SCV  
  39  4:03  Marine x2  
  39  4:06  Supply Depot  
  39  4:07  SCV, Engineering Bay  
  42  4:19  SCV  
  43  4:25  Raven  
  43  4:26  Marine x2  
  43  4:30  Orbital Command  
  47  4:37  SCV  
  48  4:38  Supply Depot  
  48  4:47  Marine  
  48  4:48  Factory Tech Lab, Marine  
  48  4:49  SCV  
  51  4:55  Terran Infantry Weapons Level 1  
  51  4:58  SCV  
  52  5:01  SCV  
  53  5:08  Command Center, Marine  
  53  5:13  SCV  
  53  5:14  SCV  
  56  5:21  Siege Tank, Marine  
  57  5:25  SCV  
  61  5:32  Starport Reactor  
  61  5:34  SCV  
  61  5:38  SCV  
  62  5:44  Marine  
  62  5:45  Marine  
  62  5:47  SCV  
  65  5:53  Barracks  
  65  5:54  Engineering Bay, SCV, Refinery  
  65  5:55  Barracks, Refinery  
  66  6:02  Marine  
  65  6:08  Marine  
  68  6:11  Siege Tank  
  68  6:20  Marine  
  64  6:26  Marine  
  64  6:32  Orbital Command  
  51  6:38  Marine  
  51  6:39  SCV  
  50  6:40  Barracks x2  
  53  6:49  SCV  
  53  6:53  Supply Depot, Terran Infantry Armor Level 1  
  54  6:54  Supply Depot  
  54  6:56  Barracks Reactor  
  54  6:57  Marine x2  
  56  7:07  SCV  
  57  7:08  SCV  
  57  7:13  SCV  
  57  7:15  Factory  
  56  7:19  SCV  
  56  7:21  SCV  
  58  7:25  SCV  
  61  7:33  Barracks Tech Lab  
  61  7:34  Barracks Reactor  
  59  7:38  SCV x2  
  59  7:40  SCV  
  62  7:48  Marine x2  
  62  7:50  SCV, Barracks Tech Lab  
  69  7:51  SCV  
  69  7:53  Marine  
  66  8:06  Marine x2  
  66  8:08  Marine  
  66  8:10  Marine x2  
  66  8:11  Marine  
  68  8:16  Factory Tech Lab, SCV  
  68  8:17  Starport  
  68  8:19  SCV  
  66  8:21  SCV  
  66  8:24  Marine x2  
  66  8:26  Marine  
  70  8:28  Marine x2  
  70  8:29  Marine  
  64  8:42  Marine  
  53  8:48  Siege Tank, Marine x2  
  53  8:49  Marine x2  
  53  8:51  SCV x2  
  53  8:52  SCV  
  53  8:54  Supply Depot  
  62  9:00  Starport Reactor  
  62  9:01  Marine x2  
  64  9:03  SCV x2  
  64  9:06  Marine x2  
  68  9:10  Barracks  
  68  9:11  Barracks  
  68  9:14  SCV  
  68  9:15  SCV  
  68  9:16  Factory  
  70  9:19  Armory  
Tags
 
Add a new tag
Caveats
  • Supply blocks, unpowered buildings, or Contaminate may cause inaccurate times.
  • Supply counts are checked every 10 seconds.